 Dungeon Crawl Stone Soup version 0.28-a0-1234-g826d19b2e0 (webtiles) character file.

Game seed: 8975919232332530384

16 r3xj the Covered (level 2, -1/27 HPs)
             Began as a Minotaur Fighter on Dec 23, 2021.
             Succumbed to a hobgoblin's curare-tipped dart
             ... on level 1 of the Dungeon.
             The game lasted 00:00:42 (281 turns).

r3xj the Covered (Minotaur Fighter)                  Turns: 281, Time: 00:00:43

Health: -1/27      AC:  7    Str: 20    XL:     2   Next: 37%
Magic:  1/1        EV:  9    Int:  5    God:
Gold:   16         SH:  4    Dex:  9    Spells: 1/1 levels left

rFire   . . .      SeeInvis .   a - +0 flail
rCold   . . .      Faith    .   c - +0 buckler
rNeg    . . .      Spirit   .   b - +0 scale mail
rPois   .          Reflect  .   (helmet restricted)
rElec   .          Harm     .   (no cloak)
rCorr   .          Rampage  .   (no gloves)
Will    .....                   (no boots)
Stlth   ..........              (no amulet)
HPRegen 0.09/turn               (no ring)
MPRegen 0.07/turn               (no ring)

@: lethally poisoned (-1 -> -3), slowed, very slow
A: horns 2, retaliatory headbutt
a: no special abilities


You were on level 1 of the Dungeon.
You visited 1 branch of the dungeon, and saw 2 of its levels.

You collected 16 gold pieces.

Inventory:

Hand Weapons
 a - a +0 flail (weapon)
Armour
 b - a +0 scale mail (worn)
 c - a +0 buckler (worn)
Potions
 d - a potion of might


   Skills:
 + Level 3.9 Fighting
 + Level 2.8 Maces & Flails
 + Level 3.9 Armour
 + Level 3.9 Shields


You had one spell level left.
You didn't know any spells.
Your spell library was empty.

Dungeon Overview and Level Annotations

Branches:
Dungeon (2/15)

Altars:


Innate Abilities, Weirdness & Mutations

You have a pair of horns on your head.
You reflexively headbutt those who attack you in melee.


Message History

You must enter the number of times for the command to repeat.
A hobgoblin is nearby!
A hobgoblin is nearby!
You sock the hobgoblin!
You kill the hobgoblin!
A goblin comes into view. It is wielding a +0 dagger.
Found a leather armour.
The goblin shouts!
You hear a shout!
You hear an angry hiss.
A kobold comes into view. It is wielding a +0 short sword.
There are monsters nearby!
A ball python comes into view.
The ball python hisses angrily.
There are monsters nearby!
The kobold throws a stone.
The stone closely misses you.
A hobgoblin comes into view. It is quivering curare-tipped darts.
There are monsters nearby!
You closely miss the goblin.
The hobgoblin shouts!
The goblin hits you but does no damage.
The hobgoblin throws a curare-tipped dart.
The curare-tipped dart hits you.
You are poisoned.
You have difficulty breathing.
You feel yourself slow down. You block the goblin's attack.
You feel very sick.
* * * LOW HITPOINT WARNING * * *
You feel very sick. The goblin barely misses you. The kobold barely misses you.
Okay, then.
* * * LOW HITPOINT WARNING * * *
You feel very sick. The ball python closely misses you.
The ball python grabs you. The ball python constricts you.
* * * LOW HITPOINT WARNING * * *
You escape the ball python's grasp.
* * * LOW HITPOINT WARNING * * *
You feel sick. You block the goblin's attack.
* * * LOW HITPOINT WARNING * * *
You feel sick.
You die...

.# ####### #.#
.###########.....## #.#
).................# #.#
..##########......# #.#
..# #.......#.# #.#
).##### #.#####.#.# #.#
......###.#...#.#.# #.#
................#.# #.#
......###.......@.# #.#
......# #.....##..# #.#
......# #.......g.# #.#
#+#####
########K############.#
.......Sg...........>#
#####.....#.##########
#.....# #.....# #.....#


You could see a hobgoblin, a goblin, a ball python and a kobold.

Vanquished Creatures
  An adder (D:2)
  2 goblins (D:1)
  2 hobgoblins
  2 ball pythons (D:1)
7 creatures vanquished.

Notes
Turn   | Place    | Note
-------+----------+-------------------------------------------
     0 | D:1      | r3xj the Minotaur Fighter began the quest for the Orb.
     0 | D:1      | Reached XP level 1. HP: 19/19 MP: 0/0
    10 | D:1      | Found a faded altar of an unknown god.
    26 | D:1      | You fall into a shaft and drop 1 floor!
    40 | D:2      | Reached XP level 2. HP: 19/27 MP: 1/1
   280 | D:1      | HP: 1/27 [poisoned by a hobgoblin (curare-tipped dart)]
   281 | D:1      | Succumbed to a hobgoblin's curare-tipped dart

Illustrated notes

Levels and vault maps discovered:
D:1:      evilmike_arrival_hilbert_curve, layout_basic,
          ebering_ecumenical_altar_sacrificial, roderic_lattice_a,
          minmay_pentomino_r4
D:2:      layout_rooms, serial_shops, shop

Action                   || total
-------------------------++-------
Melee: Flail             ||    11
       Headbutt          ||     4
Armor: Scale mail        ||     5
Dodge: Dodged            ||     9
Block: Buckler           ||     4

Table legend: (Time is in decaauts)
 A = Elapsed time spent in this place.
 B = Non-inter-level travel time spent in this place.
 C = Inter-level travel time spent in this place.
 D = Time resting spent in this place.
 E = Time spent auto-exploring this place.
 F = Levels seen in this place.
 G = Mean time per level.
                   A        B        C        D        E       F      G
               +--------+--------+--------+--------+--------+-----+--------+
         Total |    287 |    287 |      0 |      0 |    229 |   2 |  143.5 |
       Dungeon |    287 |    287 |      0 |      0 |    229 |   2 |  143.5 |
               +--------+--------+--------+--------+--------+-----+--------+

Top non-repeatable levels by time:
     D:2: 157 daAuts
     D:1: 129 daAuts
